 Dungeon Crawl Stone Soup version 0.30-a0-576-g89cddaab80 (webtiles) character file.

Game seed: 7187772330856882829

35970 sokol815 the Unseen (level 14, -4/92 HPs)
             Began as a Kobold Delver on Dec 30, 2022.
             Was a High Priest of Okawaru.
             Slain by a warg (10 damage)
             ... led by an orc warlord
             ... on level 2 of the Orcish Mines on Dec 31, 2022.
             The game lasted 00:41:02 (16509 turns).

sokol815 the Unseen (Kobold Delver)                Turns: 16509, Time: 00:41:03

Health: -4/92      AC: 16    Str: 13    XL:     14   Next: 21%
Magic:  19/21      EV: 15    Int: 12    God:    Okawaru [*****.]
Gold:   967        SH:  0    Dex: 27    Spells: 13/13 levels left

rFire   + . .      SeeInvis +    a - +6 quick blade of the Warrior-Mage {heavy, rElec Dex+3}
rCold   + . .      Faith    .    (no shield)
rNeg    + . .      Spirit   .    F - +1 chain mail "Raukan" {rElec Str+3 Slay+3 SInv}
rPois   +          Reflect  .    (helmet restricted)
rElec   +          Harm     .    n - scarf {rC+ rF+}
rCorr   .          Rampage  .    A - +1 pair of gloves
Will    +++++      Clarity  +    m - +1 pair of boots
Stlth   +++++                    Z - amulet of the Four Winds {rN+ Will+++ Clar}
HPRegen 0.35/turn                k - +6 ring of dexterity
MPRegen 0.17/turn                O - ring of Kott {rElec rPois Will+}

@: finesse-ful
A: small, no large weapons, nightstalker 3, antennae 2, clumsy 1, strong-willed
1
a: Renounce Religion, Heroism, Finesse, Duel


You were on level 2 of the Orcish Mines.
You worshipped Okawaru.
Okawaru was extremely pleased with you.
You visited 4 branches of the dungeon, and saw 17 of its levels.
You also visited: Gauntlet.

You collected 967 gold pieces.

Inventory:

Hand Weapons
 a - the +6 quick blade of the Warrior-Mage (weapon) {heavy, rElec Dex+3}
   (You acquired it on level 3 of the Dungeon)

   It deals dramatically more damage, but attacks with it are much slower.
   Dex:       It affects your dexterity (+3).
   rElec:     It insulates you from electricity.
 i - a +3 short sword of draining
   (You took it off a kobold on level 1 of the Dungeon)
 o - a +3 scimitar of flaming
   (You took it off Erica on level 10 of the Dungeon)
 s - the +10 scimitar "Opsyxzodewn" {heavy, Int+4}
   (You found it in a Gauntlet)

   It deals dramatically more damage, but attacks with it are much slower.
   Int:       It affects your intelligence (+4).
 t - a +3 spear
   (You took it off a wight on level 9 of the Dungeon)
 C - the +8 lajatang "Jatehig" {venom, +Blink Int+3}
   (You found it on level 8 of the Dungeon)

   It poisons the flesh of those it strikes.
   Int:       It affects your intelligence (+3).
   +Blink:    It lets you blink.
Missiles
 r - 2 atropa-tipped darts
 v - 3 curare-tipped darts
 L - 8 boomerangs
 V - 5 boomerangs of dispersal {=f}
Armour
 m - a +1 pair of boots (worn)
   (You found it on level 1 of the Dungeon)
 n - a scarf of resistance (worn)
   (You found it on level 9 of the Dungeon)
 w - the +0 leather armour of the Valley of Death {Str-4 Dex+3 SInv}
   (You found it in a Gauntlet)

   Str:       It affects your strength (-4).
   Dex:       It affects your dexterity (+3).
   SInv:      It lets you see invisible.
 A - a +1 pair of gloves (worn)
   (You found it on level 8 of the Dungeon)
 F - the +1 chain mail "Raukan" (worn) {rElec Str+3 Slay+3 SInv}
   (Okawaru gifted it to you on level 3 of the Lair of Beasts)

   Str:       It affects your strength (+3).
   Slay:      It affects your accuracy & damage with ranged weapons and melee
   (+3).
   rElec:     It insulates you from electricity.
   SInv:      It lets you see invisible.
Jewellery
 b - an amulet of faith
   (You found it on level 10 of the Dungeon)
 h - the ring "Sunac" {rN+ Will+ Dex+3}
   (You found it in a Gauntlet)

   [ring of willpower]

   Dex:       It affects your dexterity (+3).
   rN:        It protects you from negative energy.
   Will:      It increases your willpower.
 k - a +6 ring of dexterity (left hand)
   (You found it on level 1 of the Dungeon)
 M - a +6 ring of strength
   (You found it on level 9 of the Dungeon)
 O - the ring of Kott (right hand) {rElec rPois Will+}
   (You found it on level 11 of the Dungeon)

   [ring of willpower]

   rElec:     It insulates you from electricity.
   rPois:     It protects you from poison.
   Will:      It increases your willpower.
 S - the amulet of Sif Muna's Supremacy {Faith rElec rN+ SInv}
   (You found it in a Gauntlet)

   [amulet of faith]

   It allows you to gain divine favour quickly.
   rElec:     It insulates you from electricity.
   rN:        It protects you from negative energy.
   SInv:      It lets you see invisible.
 W - a ring of willpower
   (You found it on level 9 of the Dungeon)
 Z - the amulet of the Four Winds (around neck) {rN+ Will+++ Clar}
   (You found it in a Gauntlet)

   [amulet of nothing]

   rN:        It protects you from negative energy.
   Clar:      It protects you against confusion.
   Will:      It greatly increases your willpower.
Wands
 d - a wand of digging (3)
 f - a wand of roots (17)
   (You found it on level 4 of the Dungeon)
 j - a wand of polymorph (16)
   (You found it on level 7 of the Dungeon)
 p - a wand of paralysis (5)
   (You found it on level 1 of the Lair of Beasts)
 q - a wand of flame (44)
   (You took it off Ijyb on level 3 of the Dungeon)
 y - a wand of mindburst (13)
   (You took it off Psyche on level 10 of the Dungeon)
 T - a wand of quicksilver (12)
   (You found it in a Gauntlet)
Scrolls
 c - 3 scrolls of fog
 u - 2 scrolls of poison {!r}
 x - a scroll of torment {!r}
 z - a scroll of enchant weapon
 D - a scroll of blinking {!r}
 E - 3 scrolls of fear
 K - 6 scrolls of immolation {!r}
 Q - a scroll of enchant armour
 X - 2 scrolls of magic mapping {@r4!r}
 Y - 6 scrolls of teleportation {@r3}
Potions
 e - a potion of attraction {!q}
 B - 4 potions of brilliance
 G - 2 potions of ambrosia {!q}
 H - 3 potions of haste
 I - a potion of cancellation
 J - 8 potions of curing {@q1}
 N - a potion of heal wounds {@q2}
 P - 6 potions of lignification {!q}
 R - 2 potions of resistance
 U - 2 potions of mutation {!q}
Miscellaneous
 g - a tin of tremorstones (2/2)
   (You found it in a Gauntlet)
 l - a condenser vane
   (You found it on level 10 of the Dungeon)


   Skills:
 - Level 12.0 Fighting
 - Level 8.0 Short Blades
 - Level 10.0 Ranged Weapons
 - Level 8.0 Armour
 + Level 10.3 Dodging
 - Level 15.0 Stealth
 - Level 10.0 Invocations
 - Level 6.0 Evocations


You had 13 spell levels left.
You didn't know any spells.
Your spell library contained the following spells:

 Spells                   Type           Power      Damage    Failure   Level
 Beastly Appendage        Tmut           0%         N/A       100%        1
 Magic Dart               Conj           0%         1d3       100%        1
 Scorch                   Fire           0%         2d5       100%        2
 Searing Ray              Conj           0%         2d4       100%        2
 Wereblood                Tmut           0%         N/A       100%        2
 Dazzling Flash           Conj/Hex       0%         N/A       100%        3
 Ozocubu's Armour         Ice            0%         N/A       100%        3
 Spider Form              Tmut/Pois      0%         N/A       100%        3
 Flame Wave               Conj/Fire      0%         2d4       100%        4
 Fulminant Prism          Conj/Hex       0%         3d5       100%        4
 Agony                    Necr           0%         N/A       100%        5
 Metabolic Englaciation   Hex/Ice        0%         N/A       100%        5
 Silence                  Hex/Air        0%         N/A       100%        5
 Summon Ice Beast         Ice/Summ       Unusable   N/A       N/A         4
 Summon Mana Viper        Hex/Summ       Unusable   N/A       N/A         5
 Simulacrum               Ice/Necr       Unusable   N/A       N/A         6
 Summon Cactus Giant      Summ           Unusable   N/A       N/A         6
 Monstrous Menagerie      Summ           Unusable   N/A       N/A         7

Dungeon Overview and Level Annotations

Branches:
Dungeon (11/15) Zot: 25965  Temple (1/1) D:5 Zot: 5945    Lair (3/5) D:8 Zot: 13499
 Shoals (0/4) Lair:2       Spider (0/4) Lair:2          Orc (2/2) D:11 Zot: 11365
    Elf (0/3) Orc:2       Gauntlet (visited)

Altars:
Ashenzari
Cheibriados
Dithmenos
Elyvilon
Fedhas
Gozag
Hepliaklqana
Kikubaaqudgha
Makhleb
Nemelex Xobeh
Okawaru
Qazlal
Ru
Sif Muna
Trog
Uskayaw
Vehumet
Wu Jian
Xom
Yredelemnul
Zin
The Shining One

Shops:
D:6 ?

Annotations:
D:7 1 runed translucent door, Crazy Yiuf
D:9 3 runed translucent doors, exclusion: hydra, lotum's ghost, journeyman GrEE
Lair:2 exclusion: downstairs
Orc:2 1 exclusion


Innate Abilities, Weirdness & Mutations

You are small and have problems with some larger weapons.
You are completely attuned to the shadows.
You have a pair of antennae on your head.
You are clumsy. (Dex -2)
You are strong-willed. (Will+)


Message History

You puncture the orc knight!
You punch the orc knight, but do no damage.
You puncture the orc knight! You barely miss the orc knight.
You impale the orc knight!!
You kill the orc knight!
Okawaru accepts your kill.
Base training target 12.0 for Fighting reached!
Your base Fighting skill increases to level 12!
You need to enable at least one skill for training.
You barely miss the orc warrior. The orc warrior completely misses you.
You hit the orc warrior but do no damage.
You puncture the orc warrior! You hit the orc warrior.
You kill the orc warrior!
Okawaru accepts your kill. The orc warrior closely misses you.
Items here: )) [[ ††.
You impale the orc warrior!! You closely miss the orc warrior.
You punch the orc warrior.
You kill the orc warrior!
Okawaru accepts your kill.
No target in view!
Things that are here:
a +0 long sword; a +0 plate armour An orc and an orc warrior come into view.
A troll and 2 orc sorcerers come into view.
An orc sorcerer is wielding a +0 dagger and wearing a +2 robe of willpower.
An orc sorcerer is wielding a +2 dagger of venom and wearing a +2 robe of resistance.
The orc sorcerer moves out of view.
An orc comes into view. It is wielding a +0 dagger.
An orc comes into view. It is wielding a +0 mace.
An orc warrior comes into view. It is wielding a +0 hand axe.
Found a roughly hewn altar of Beogh.
An orc knight comes into view. It is wielding a +0 long sword.
An orc high priest comes into view. It is wielding a +0 mace.
A warg comes into view.
You strike the helpless orc warrior from behind!
You skewer the orc warrior like a kebab!!!!
You kill the orc warrior!
Okawaru accepts your kill.
The orc shouts!
The orc warrior shouts!
The orc wizard shouts!
You hear a shout!
The orc sorcerer shouts!
The troll shouts!
You hear a shout! x5
You hear a howl!
You hear a shout! x4; The orc shouts!
The orc warrior unwields a +0 hand axe.
The orc warrior wields a +0 arbalest.
The orc warrior shoots a bolt.
The bolt hits you.
You take 1 damage, and have 67/92 hp.
You hit the orc sorcerer but do no damage.
The orc sorcerer closely misses you.
An orc warrior comes into view. It is wielding a +0 hand axe.
The orc hits you but does no damage.
The orc high priest invokes the aid of Beogh against you.
Beogh smites you! The orc hits you but does no damage.
You take 9 damage, and have 58/92 hp.
You puncture the orc sorcerer!
The orc warrior shoots a bolt.
The bolt hits you!
You take 8 damage, and have 50/92 hp.
You closely miss the orc sorcerer. You puncture the orc sorcerer!
You hit the orc sorcerer. You barely miss the orc sorcerer.
The orc hits you but does no damage.
An orc sorcerer comes into view. It is wielding a +0 dagger.
The orc sorcerer hits you but does no damage.
You are poisoned.
The troll bites you! The troll misses you. x2
You take 8 damage, and have 42/92 hp.
You hit the orc sorcerer but do no damage.
You feel sick.
You take 1 damage, and have 41/92 hp.
Unknown command.
You hit the orc sorcerer.
You kill the orc sorcerer!
Okawaru accepts your kill.
You feel sick.
An orc priest comes into view. It is wielding a +0 short sword.
The orc high priest mumbles some strange prayers to Beogh.
The troll bites you! The troll barely misses you. The troll closely misses you.
You take 13 damage, and have 28/92 hp.
The orc attacks as you move away! The orc completely misses you.
You feel sick. The troll bites you.
* * * LOW HITPOINT WARNING * * *
The troll claws you.
* * * LOW HITPOINT WARNING * * *
The troll claws you.
* * * LOW HITPOINT WARNING * * *
The orc wizard mumbles some strange words.
The orc wizard flickers and vanishes for a moment.
You take 14 damage, and have 14/92 hp.
The orc attacks as you move away! The orc closely misses you.
You feel sick.
The orc priest looks braver for a moment.
The warg bites you but does no damage. The warg attacks as you move away!
The warg closely misses you.
You feel sick.
You take 1 damage, and have 13/92 hp.
You feel sick.
You are no longer poisoned.
You take 1 damage, and have 12/92 hp.
The warg attacks as you move away! The warg bites you!
* * * LOW HITPOINT WARNING * * *
You feel like a meek peon again. The warg bites you!
You die...

....)....#####..........
......o.. #...#<......
.#..oo.#. #.....)..... {
#o..oo# { ##.##.#.....
#8ooo8### ######(....
#...o.#.## ####....(.
#.##...To#..#####.........
........h#....)#....>.....
..#......@.....)#.........
. ###.......##.###.#.#....
........##### ###.##...
....#...## . .......## ..#


You could see an orc high priest, a troll, a warg, an orc sorcerer, an orc
priest and 2 orcs.

Vanquished Creatures
  A dire elephant (Lair:1)
  A minotaur (Gauntlet)
  A hydra (Lair:3)
  Erica (D:10)
  2 anacondas (Lair:1)
  An alligator (Lair:1)
  5 two-headed ogres
  Amaemon (Lair:2)
  An orc knight (Orc:2)
  An obsidian statue (Gauntlet)
  An orc sorcerer (Orc:2)
  4 cyclopes
  An ugly thing (D:11)
  17 elephants
  3 black mambas
  A torpor snail (Lair:1)
  2 cane toads
  Psyche (D:10)
  An orange demon (Lair:2)
  An unseen horror (D:9)
  A kobold demonologist (D:10)
  2 rime drakes
  3 komodo dragons
  2 trolls
  2 hornets
  A slime creature (shapeshifter) (Gauntlet)
  2 jumping spiders (Lair:2)
  Sigmund (D:5)
  A shadow (D:11)
  4 wyverns
  A wraith (D:11)
  24 yaks
  3 basilisks (Lair:1)
  A steam dragon (D:10)
  4 vampire mosquitoes (D:10)
  2 wargs
  An acid dragon (D:11)
  7 water moccasins
  6 orc warriors
  3 ice beasts
  4 sky beasts
  3 ogres
  7 black bears
  8 wolves
  8 centaurs
  5 phantoms
  3 kobold brigands
  18 bullfrogs
  A necrophage (D:5)
  6 scorpions
  3 wights (D:9)
  14 killer bees
  2 troll zombies (D:11)
  A howler monkey (D:10)
  3 jellies
  4 orc priests
  Jessica (D:3)
  Ijyb (D:3)
  An iguana (D:6)
  Natasha (thrice) (D:3)
  7 orc wizards
  A hell rat (Lair:1)
  6 ogre zombies (D:11)
  A gnoll (D:8)
  6 adders
  A shadow imp (D:6)
  A white imp (D:6)
  A worm (D:3)
  3 dart slugs
  26 orcs
  6 ball pythons
  3 endoplasms
  9 goblins
  3 hobgoblins
  18 kobolds
  A quokka (D:2)
  2 bats
  A frilled lizard (D:3)
  4 goblin zombies (D:11)
  A hobgoblin skeleton (D:11)
  A hobgoblin zombie (D:11)
  4 orc skeletons (D:11)
  15 orc zombies (D:11)
  4 rats (D:1)
339 creatures vanquished.

Vanquished Creatures (others)
  80 fungi
  83 plants
163 creatures vanquished.

Grand Total: 502 creatures vanquished

Notes
Turn   | Place    | Note
-------+----------+-------------------------------------------
     0 | D:5      | sokol815 the Kobold Delver began the quest for the Orb.
     0 | D:5      | Reached XP level 1. HP: 14/14 MP: 1/1
   280 | D:2      | Reached skill level 3 in Short Blades
   280 | D:2      | Reached XP level 2. HP: 5/19 MP: 2/2
   335 | D:2      | Found an ancient bone altar of Kikubaaqudgha.
   482 | D:2      | Reached skill level 4 in Short Blades
   737 | D:1      | Reached XP level 3. HP: 23/23 MP: 3/3
  1248 | D:1      | Reached skill level 5 in Short Blades
  1612 | D:2      | Reached XP level 4. HP: 28/28 MP: 4/4
  1851 | D:3      | Noticed Natasha
  1881 | D:3      | Noticed Jessica
  1887 | D:3      | Killed Jessica
  1888 | D:3      | Reached skill level 6 in Short Blades
  2038 | D:3      | Noticed Ijyb
  2042 | D:3      | Killed Ijyb
  2043 | D:3      | Reached XP level 5. HP: 32/32 MP: 5/5
  2255 | D:3      | Identified a scroll of acquirement
  2255 | D:3      | Acquired the +6 quick blade of the Warrior-Mage {heavy,
                  | rElec Dex+3}
  2421 | D:3      | Killed Natasha
  2422 | D:3      | Reached skill level 7 in Short Blades
  2538 | D:3      | Noticed Natasha
  2545 | D:3      | Killed Natasha
  2550 | D:3      | Noticed Natasha
  2554 | D:3      | Killed Natasha
  2555 | D:3      | Reached XP level 6. HP: 37/37 MP: 6/6
  2590 | D:4      | Reached skill level 8 in Short Blades
  2590 | D:4      | Reached skill level 3 in Dodging
  2676 | D:4      | Noticed an ogre
  2687 | D:4      | Killed an ogre
  2688 | D:4      | Reached skill level 7 in Stealth
  2688 | D:4      | Reached XP level 7. HP: 42/42 MP: 7/7
  2905 | D:4      | Reached skill level 4 in Dodging
  3284 | D:5      | Reached skill level 4 in Fighting
  3411 | D:5      | Found a staircase to the Ecumenical Temple.
  3416 | Temple   | Entered the Ecumenical Temple
  3465 | Temple   | Became a worshipper of Warmaster Okawaru
  3498 | D:5      | Reached skill level 5 in Dodging
  3552 | D:5      | Reached XP level 8. HP: 48/48 MP: 8/8
  3566 | D:5      | Reached skill level 6 in Dodging
  3566 | D:5      | Reached skill level 8 in Stealth
  3733 | D:5      | Reached skill level 1 in Invocations
  3735 | D:5      | Noticed Sigmund
  3752 | D:5      | Killed Sigmund
  3752 | D:5      | Reached * piety under Okawaru
  3753 | D:5      | Reached skill level 5 in Fighting
  3753 | D:5      | Reached skill level 2 in Invocations
  4073 | D:6      | Reached skill level 3 in Invocations
  4218 | D:6      | Found an opulent altar of Gozag.
  4223 | D:6      | Reached XP level 9. HP: 54/54 MP: 11/11
  4306 | D:6      | Found a hazy altar of Hepliaklqana.
  4340 | D:6      | Reached skill level 9 in Stealth
  4340 | D:6      | Reached skill level 4 in Invocations
  4422 | D:6      | Reached ** piety under Okawaru
  4423 | D:6      | Reached skill level 7 in Dodging
  4516 | D:6      | Found Qubbotte's Magic Scroll Shoppe.
  4812 | D:7      | Reached skill level 6 in Fighting
  4837 | D:7      | Reached skill level 5 in Invocations
  5378 | D:7      | Found a shadowy altar of Dithmenos.
  5389 | D:7      | Found a blossoming altar of Fedhas.
  5401 | D:7      | Found a basalt altar of Yredelemnul.
  5418 | D:7      | Reached *** piety under Okawaru
  5873 | D:7      | Found a runed translucent door.
  5876 | D:7      | Noticed Crazy Yiuf
  5956 | D:8      | Reached skill level 10 in Stealth
  5956 | D:8      | Reached skill level 6 in Invocations
  6011 | D:8      | Noticed a two-headed ogre
  6015 | D:8      | Killed a two-headed ogre
  6016 | D:8      | Reached skill level 7 in Fighting
  6016 | D:8      | Reached skill level 8 in Dodging
  6016 | D:8      | Reached XP level 10. HP: 63/63 MP: 13/15
  6019 | D:8      | Found a staircase to the Lair.
  6019 | D:8      | Noticed an elephant
  6044 | D:7      | Reached skill level 7 in Invocations
  6144 | D:8      | Reached **** piety under Okawaru
  6223 | D:8      | Identified the +8 lajatang "Jatehig" {venom, +Blink Int+3}
  6537 | D:8      | Reached skill level 11 in Stealth
  6537 | D:8      | Reached skill level 8 in Invocations
  6555 | D:8      | Identified the +2 leather armour of Nypoija {Int+3}
  6862 | D:9      | Noticed a two-headed ogre
  6866 | D:9      | Killed a two-headed ogre
  6866 | D:9      | Reached ***** piety under Okawaru
  6867 | D:9      | Reached skill level 9 in Dodging
  6981 | D:9      | Noticed a two-headed ogre
  6983 | D:9      | Noticed a two-headed ogre
  6985 | D:9      | Killed a two-headed ogre
  6986 | D:9      | Reached skill level 8 in Fighting
  6986 | D:9      | Reached skill level 9 in Invocations
  6986 | D:9      | Reached XP level 11. HP: 68/68 MP: 17/17
  7003 | D:9      | Killed a two-headed ogre
  7104 | D:9      | Reached skill level 12 in Stealth
  7219 | D:9      | Noticed a ten-headed hydra
  7220 | D:9      | Found a runed translucent gate.
  7220 | D:9      | Found a runed translucent gate.
  7221 | D:9      | Found a runed translucent gate.
  7221 | D:9      | Noticed lotum's ghost (journeyman GrEE)
  7230 | D:9      | Reached skill level 10 in Invocations
  7232 | D:9      | Reached skill level 10 in Dodging
  7332 | D:9      | Found a bloodstained altar of Trog.
  7339 | D:9      | Reached skill level 13 in Stealth
  7646 | D:10     | Entered Level 10 of the Dungeon
  7799 | D:10     | Gained mutation: You are dopey. (Int -2) [potion of
                  | mutation]
  7799 | D:10     | Gained mutation: You have a pair of small antennae on your
                  | head. [potion of mutation]
  7799 | D:10     | Gained mutation: You are clumsy. (Dex -2) [potion of
                  | mutation]
  7799 | D:10     | Gained mutation: Your muscles are strong. (Str +4, Int/Dex
                  | -1) [potion of mutation]
  7800 | D:10     | Lost mutation: Your muscles are strong. (Str +4, Int/Dex
                  | -1) [potion of mutation]
  7800 | D:10     | Lost mutation: You are dopey. (Int -2) [potion of mutation]
  7800 | D:10     | Gained mutation: You have a pair of antennae on your head.
                  | [potion of mutation]
  7800 | D:10     | Gained mutation: You are strong-willed. (Will+) [potion of
                  | mutation]
  7803 | D:10     | Noticed Psyche
  7817 | D:10     | Killed Psyche
  7818 | D:10     | Reached skill level 14 in Stealth
  7929 | D:10     | Identified the +1 crystal plate armour "Iwong" {+Blink
                  | rElec Will+ Str-5 Slay-6} (Okawaru gifted it to you on
                  | level 10 of the Dungeon)
  7929 | D:10     | Received a gift from Okawaru
  8116 | D:10     | Found a stormy altar of Qazlal.
  8144 | D:10     | Reached skill level 15 in Stealth
  8274 | D:10     | Noticed Erica
  8281 | D:10     | Reached skill level 1 in Ranged Weapons
  8290 | D:10     | Killed Erica
  8291 | D:10     | Reached skill level 2 in Ranged Weapons
  8655 | D:8      | Killed an elephant
  8656 | D:8      | Reached skill level 3 in Ranged Weapons
  8656 | D:8      | Reached XP level 12. HP: 40/75 MP: 19/19
  8791 | Lair:1   | Entered Level 1 of the Lair of Beasts
  8827 | Lair:1   | Reached skill level 4 in Ranged Weapons
  8833 | Lair:1   | Reached skill level 9 in Fighting
  8880 | Lair:1   | Found a gate leading to a gauntlet.
  8908 | Gauntlet | Entered a Gauntlet
  8908 | Gauntlet | Found a transporter.
  8973 | Gauntlet | Found a transporter.
  8981 | Gauntlet | Found a transporter.
  8988 | Gauntlet | Found a transporter.
  9009 | Gauntlet | Noticed a dire elephant
  9010 | Gauntlet | Found a transporter.
  9022 | Gauntlet | Noticed an eight-headed hydra
  9035 | Gauntlet | Found a transporter.
  9045 | Gauntlet | Noticed a ghost crab
  9061 | Gauntlet | Found a transporter.
  9072 | Gauntlet | Found a large runed translucent door.
  9072 | Gauntlet | Found a large runed translucent door.
  9073 | Gauntlet | Found a large runed translucent door.
  9074 | Gauntlet | Found a large runed translucent door.
  9075 | Gauntlet | Found a large runed translucent door.
  9075 | Gauntlet | Found a large runed translucent door.
  9076 | Gauntlet | Found a large runed translucent door.
  9077 | Gauntlet | Found a large runed translucent door.
  9087 | Gauntlet | Found a runed translucent gate.
  9088 | Gauntlet | Found a transporter.
  9088 | Gauntlet | Found a runed translucent gate.
  9089 | Gauntlet | Found a runed translucent gate.
  9100 | Gauntlet | Found a large runed translucent door.
  9100 | Gauntlet | Found a large runed translucent door.
  9101 | Gauntlet | Found a large runed translucent door.
  9102 | Gauntlet | Found a large runed translucent door.
  9103 | Gauntlet | Found a large runed translucent door.
  9103 | Gauntlet | Found a large runed translucent door.
  9104 | Gauntlet | Found a large runed translucent door.
  9105 | Gauntlet | Found a large runed translucent door.
  9114 | Gauntlet | Found a transporter.
  9140 | Gauntlet | Found a transporter.
  9163 | Gauntlet | Found a transporter.
  9176 | Gauntlet | Found a transporter.
  9184 | Gauntlet | Found a transporter.
  9207 | Gauntlet | Found a transporter.
  9404 | Gauntlet | Found a transporter.
  9405 | Gauntlet | Noticed an alligator
  9414 | Gauntlet | an alligator changed into an anaconda
  9414 | Gauntlet | Noticed an anaconda (shapeshifter)
  9416 | Gauntlet | an anaconda changed into a slime creature
  9425 | Gauntlet | Reached skill level 1 in Evocations
  9429 | Gauntlet | Found a transporter.
  9482 | Gauntlet | Found a transporter.
  9486 | Gauntlet | Found a transporter.
  9585 | Gauntlet | Found a runed translucent door.
  9587 | Gauntlet | Found a runed translucent door.
  9623 | Gauntlet | Identified the ring "Sunac" {rN+ Will+ Dex+3}
  9643 | Gauntlet | Reached skill level 3 in Evocations
  9661 | Gauntlet | Identified the +7 plate armour "Ariak" {Str+2 Int+2 Slay+3}
  9661 | Gauntlet | Noticed a minotaur
  9662 | Gauntlet | Found the amulet of the Four Winds {rN+ Will+++ Clar}
  9681 | Gauntlet | Killed a minotaur
  9682 | Gauntlet | Reached skill level 4 in Evocations
  9684 | Gauntlet | Identified the +10 scimitar "Opsyxzodewn" {heavy, Int+4}
  9684 | Gauntlet | Identified the amulet of Sif Muna's Supremacy {Faith rElec
                  | rN+ SInv}
  9684 | Gauntlet | Identified the +0 leather armour of the Valley of Death
                  | {Str-4 Dex+3 SInv}
  9924 | Lair:1   | Reached skill level 5 in Evocations
 10216 | Lair:1   | Reached skill level 1 in Armour
 10233 | Lair:1   | Reached skill level 2 in Armour
 10233 | Lair:1   | Reached skill level 6 in Evocations
 10697 | Lair:1   | Reached skill level 3 in Armour
 10719 | Lair:1   | Reached ****** piety under Okawaru
 10730 | Lair:1   | Identified the +7 dagger "Oxoid" {heavy, Dex+4} (Okawaru
                  | gifted it to you on level 1 of the Lair of Beasts)
 10730 | Lair:1   | Received a gift from Okawaru
 10751 | Lair:1   | Noticed an anaconda
 10900 | Lair:1   | Reached skill level 4 in Armour
 10909 | Lair:1   | Killed an anaconda
 10927 | Lair:1   | Noticed an anaconda
 11030 | Lair:1   | Killed an anaconda
 11031 | Lair:1   | Reached skill level 5 in Armour
 11226 | Lair:1   | Noticed an alligator
 11251 | Lair:1   | Noticed a dire elephant
 11252 | Lair:1   | Killed an alligator
 11254 | Lair:1   | Reached skill level 6 in Armour
 11263 | Lair:1   | Reached XP level 13. HP: 71/80 MP: 18/20
 11322 | Lair:1   | HP: 8/80 [komodo dragon (24)]
 12154 | Lair:1   | Killed a dire elephant
 12155 | Lair:1   | Reached skill level 7 in Armour
 12372 | Lair:2   | Received a gift from Okawaru
 12580 | Lair:2   | HP: 19/80 [komodo dragon (18)]
 12795 | Lair:2   | Found a hole to the Spider Nest.
 12801 | Lair:2   | Reached skill level 8 in Armour
 12824 | Lair:2   | Noticed Amaemon
 12827 | Lair:2   | Killed Amaemon
 12828 | Lair:2   | Reached skill level 5 in Ranged Weapons
 13027 | Lair:2   | Reached skill level 6 in Ranged Weapons
 13275 | Lair:2   | Reached skill level 10 in Fighting
 13486 | Lair:2   | Found a staircase to the Shoals.
 13722 | Lair:3   | Reached skill level 7 in Ranged Weapons
 14009 | Lair:3   | Identified the +1 chain mail "Raukan" {rElec Str+3 Slay+3
                  | SInv} (Okawaru gifted it to you on level 3 of the Lair of
                  | Beasts)
 14009 | Lair:3   | Received a gift from Okawaru
 14068 | Lair:3   | Noticed an eight-headed hydra
 14072 | Lair:3   | Killed an eight-headed hydra
 14088 | Lair:3   | Reached skill level 8 in Ranged Weapons
 14530 | Lair:3   | Reached skill level 11 in Fighting
 14760 | D:11     | Reached skill level 9 in Ranged Weapons
 14782 | D:11     | Found a staircase to the Orcish Mines.
 15090 | D:11     | Reached XP level 14. HP: 90/90 MP: 21/21
 15752 | D:11     | Identified the ring of Kott {rElec rPois Will+}
 15807 | Orc:1    | Entered Level 1 of the Orcish Mines
 16133 | Orc:2    | Entered Level 2 of the Orcish Mines
 16165 | Orc:2    | Reached skill level 10 in Ranged Weapons
 16175 | Orc:2    | Found a staircase to the Elven Halls.
 16451 | Orc:2    | Noticed an orc warlord
 16473 | Orc:2    | Reached skill level 12 in Fighting
 16505 | Orc:2    | HP: 21/92 [troll[an orc warlord] (6)]
 16509 | Orc:2    | HP: 5/92 [warg[an orc warlord] (7)]
 16509 | Orc:2    | Slain by a warg

Illustrated notes

Levels and vault maps discovered:
D:1:      erik_arrival_cave_to_civilisation [erik_arrival_cave_to_hall],
          layout_loops_ring
D:2:      layout_loops_ring, basic_altar
D:3:      layout_basic, uniq_natasha, uniq_ijyb, uniq_jessica
D:4:      layout_loops_ring
D:5:      layout_rooms, temple_doors_e, uniq_sigmund
D:6:      layout_basic, mainiacjoe_overflow_catwalk_spiral, serial_shops,
          nicolae_square_shop
D:7:      layout_layer_cave, grunt_temple_overflow_open, uniq_crazy_yiuf_cottage
D:8:      layout_cave_pools, david_lair_generic, minmay_bent
D:9:      layout_roguey, nicolae_overflow_crystal_walls,
          gammafunk_ghost_hydra_chop
D:10:     layout_layer_cave, mainiacjoe_overflow_cross_hatched, uniq_erica,
          uniq_psyche
D:11:     layout_stronghold, zombieorc2_lemuel, minivault_27
Temple:   minmay_freezing_vapour_temple
Lair:1:   layout_cave_pods, gauntlet_entry_generic, nicolae_lair_lakeside_cave
Lair:2:   layout_chaotic_city, minmay_shoals_entry_centaurs,
          spider_nest_entry_funnel_web, lemuel_fruit_fields, uniq_amaemon
Lair:3:   mu_elephants_graveyard, layout_gridlike, hangedman_lair_generics_rect,
          uniq_fannar
Orc:1:    layout_caves, serial_shops, nicolae_square_shop, mines_bat_river
Orc:2:    grunt_orc_cross, layout_caves

Skill      XL: |  1  2  3  4  5  6  7  8  9 10 11 12 13 14 |
---------------+-------------------------------------------+-----
Short Blades   | 3 4 5 6 7 8 |  8.0
Dodging        | 3 5 6 8 9 10 | 10.3
Stealth        | 7 8 10 11 15 | 15.0
Fighting       | 4 5 7 8 9 11 12 | 12.0
Invocations    | 3 6 9 10 | 10.0
Ranged Weapons | 3 4 9 10 | 10.0
Evocations     | 6 |  6.0
Armour         | 6 8 |  8.0

Action                   |  1- 3 |  4- 6 |  7- 9 | 10-12 | 13-15 || total
-------------------------+-------+-------+-------+-------+-------++-------
Melee: Short sword       |    55 |    16 |       |       |       ||    71
       Quick blade       |       |    20 |   139 |   540 |   549 ||  1248
       Punch             |       |       |     4 |    11 |    17 ||    32
Throw: Stone             |     4 |       |       |       |       ||     4
Invok: Heroism           |       |       |       |     5 |     5 ||    10
       Finesse           |       |       |       |       |     1 ||     1
  Use: Potion            |     1 |       |       |     2 |     4 ||     7
       Scroll            |       |    10 |     2 |     6 |     4 ||    22
 Stab: Sleeping          |    18 |    10 |    22 |    34 |    16 ||   100
       Distracted        |       |     1 |     2 |     2 |     7 ||    12
Armor: Leather armour    |     6 |     6 |     6 |    16 |     2 ||    36
       Plate armour      |       |       |       |    76 |    88 ||   164
       Chain mail        |       |       |       |       |    83 ||    83
Dodge: Dodged            |    16 |     7 |    44 |   278 |   256 ||   601

Table legend: (Time is in decaauts)
 A = Elapsed time spent in this place.
 B = Non-inter-level travel time spent in this place.
 C = Inter-level travel time spent in this place.
 D = Time resting spent in this place.
 E = Time spent auto-exploring this place.
 F = Levels seen in this place.
 G = Mean time per level.
                   A        B        C        D        E       F      G
               +--------+--------+--------+--------+--------+-----+--------+
         Total |  15733 |  14952 |    781 |   1990 |  10576 |  18 |  874.1 |
       Dungeon |   9772 |   9224 |    548 |    400 |   7742 |  11 |  888.4 |
        Temple |     54 |     49 |      5 |      0 |     32 |   1 |   54.0 |
          Lair |   4500 |   4293 |    207 |   1398 |   2171 |   3 | 1500.0 |
  Orcish Mines |    633 |    614 |     19 |    192 |    292 |   2 |  316.5 |
      Gauntlet |    772 |    772 |      0 |      0 |    339 |   1 |  772.0 |
               +--------+--------+--------+--------+--------+-----+--------+

Top non-repeatable levels by time:
  Lair:1: 2402 daAuts
  Lair:2: 1550 daAuts
     D:7: 1199 daAuts
     D:8: 1041 daAuts
    D:11: 1034 daAuts
     D:9: 962 daAuts
     D:1: 935 daAuts
    D:10: 881 daAuts
     D:6: 860 daAuts
     D:3: 858 daAuts
Gauntlet: 772 daAuts
     D:2: 730 daAuts
     D:4: 652 daAuts
     D:5: 615 daAuts
  Lair:3: 547 daAuts

Table legend:
 A = Kills in this place as a percentage of kills in entire the game.
 B = Kills by you in this place as a percentage of kills by you in the entire game.
 C = Kills by friends in this place as a percentage of kills by friends in the entire game.
 D = Other kills in this place as a percentage of other kills in the entire game.
 E = Experience gained in this place as a percentage of experience gained in the entire game.
 F = Experience gained in this place divided by the number of levels of this place that you have seen.
                   A       B       C       D       E      F
               +-------+-------+-------+-------+-------+----------------------
         Total | 100.0 | 100.0 |   N/A |   N/A | 100.0 | 2854.8
       Dungeon |  66.1 |  66.1 |   N/A |   N/A |  36.6 | 1709.5
          Lair |  26.3 |  26.3 |   N/A |   N/A |  50.4 | 8640.7
  Orcish Mines |   6.8 |   6.8 |   N/A |   N/A |   9.4 | 2418.0
      Gauntlet |   0.9 |   0.9 |   N/A |   N/A |   3.6 | 1825.0
               +-------+-------+-------+-------+-------+----------------------
